 Dungeon Crawl Stone Soup version 0.23.2-33-g5129a83184 (webtiles) character file.

Game seed: 6672705902527537569

7633 teukkam the Protected (level 10, -13/94 HPs)
             Began as a Minotaur Fighter on June 25, 2019.
             Was an Initiate of Gozag.
             Mangled by a komodo dragon (14 damage)
             ... on level 1 of the Lair of Beasts on June 26, 2019.
             The game lasted 00:40:07 (8177 turns).

teukkam the Protected (Minotaur Fighter)            Turns: 8177, Time: 00:40:08

Health: -13/94     AC:  9    Str: 23    XL:     10   Next: 98%
Magic:  9/9        EV: 10    Int:  5    God:    Gozag
Gold:   1370       SH: 17    Dex: 11    Spells: 9/9 levels left

rFire    + + .     SeeInvis +   a - +0 war axe
rCold    . . .     Gourm    .   c - +0 shield
rNeg     . . .     Faith    .   u - +2 leather armour {rF+}
rPois    +         Spirit   .   (helmet unavailable)
rElec    .         Reflect  +   (no cloak)
rCorr    .         Harm     .   M - +0 pair of gloves
MR       .....     Clarity  +   r - +0 pair of boots
Stlth    +.........             B - +5 amulet of reflection
HPRegen  0.25/turn              g - ring of poison resistance
MPRegen  0.11/turn              H - ring of protection from fire

@: gold aura
A: retaliatory headbutt, claws 1, horns 3, see invisible, clarity, MP-powered
wands
a: Potion Petition, Call Merchant, Bribe Branch, Renounce Religion


You were on level 1 of the Lair of Beasts.
You worshipped Gozag.
Gozag was most pleased with you.
You were not hungry.

You visited 3 branches of the dungeon, and saw 10 of its levels.

You collected 2080 gold pieces.
You spent 384 gold pieces at shops.
You paid 326 gold pieces to Gozag.

Inventory:

Hand Weapons
 a - a +0 war axe (weapon)
 b - a +0 blowgun
 J - a +0 shortbow
 N - a +2 dagger of freezing
 P - a +0 dagger of venom
 Q - a +2 dagger of holy wrath
Missiles
 n - 163 sling bullets
 C - 44 poisoned needles
 K - 80 arrows
 O - 4 poisoned tomahawks (quivered)
Armour
 c - a +0 shield (worn)
 r - a +0 pair of boots (worn)
 u - a +2 leather armour of fire resistance (worn)
 M - a +0 pair of gloves (worn)
Jewellery
 g - a ring of poison resistance (left hand)
 x - an uncursed ring of protection from cold
 B - a +5 amulet of reflection (around neck)
 H - a ring of protection from fire (right hand)
 T - an uncursed ring of positive energy
 U - an uncursed ring of positive energy
 V - a +3 ring of protection {unknown}
Wands
 F - a wand of polymorph (11)
 G - a wand of flame (9)
 R - a wand of random effects (15)
Scrolls
 e - 17 scrolls of identify
 h - a scroll of silence
 k - 2 scrolls of remove curse
 m - 2 scrolls of fog
 o - 2 scrolls of random uselessness {unknown}
 p - 6 scrolls of noise {unknown}
 q - a scroll of amnesia {unknown}
 s - 2 scrolls of fear {unknown}
 v - 2 scrolls of blinking {unknown}
 w - a scroll of holy word {unknown}
 y - a scroll of teleportation
 E - 3 scrolls of magic mapping {unknown}
 I - 2 scrolls of immolation {unknown}
Potions
 d - 2 potions of might
 i - a potion of ambrosia
 j - a potion of resistance
 l - a potion of haste
 t - 2 potions of magic
 z - a potion of degeneration {unknown}
 A - a potion of flight
 L - a potion of agility {unknown}
 S - 2 potions of lignification {unknown}
 W - 5 potions of curing
Comestibles
 f - 8 rations


   Skills:
 + Level 10.7 Fighting
 + Level 5.6 Short Blades
 - Level 8.2 Axes
 + Level 10.7 Armour
 + Level 10.7 Shields


You had 9 spell levels left.
You didn't know any spells.
Your spell library contained the following spells:

 Spells                   Type           Power        Failure   Level  Hunger
 Animate Skeleton         Necr           N/A          71%         1    ##.....
 Apportation              Tloc           #.....       71%         1    ##.....
 Sandblast                Erth           #.....       71%         1    ##.....
 Summon Butterflies       Summ           #.......     71%         1    ##.....
 Passwall                 Tmut/Erth      #.......     83%         2    ###....
 Poisonous Vapours        Pois/Air       #.....       83%         2    ###....
 Conjure Flame            Conj/Fire      #.......     97%         3    ####...
 Lesser Beckoning         Tloc           #.........   97%         3    ####...
 Mephitic Cloud           Conj/Pois/Air  #.......     97%         3    ####...
 Stone Arrow              Conj/Erth      #.....       97%         3    ####...
 Tukima's Dance           Hex            #.......     97%         3    ####...
 Petrify                  Tmut/Erth      #.......     100%        4    #####..
 Alistair's Intoxication  Tmut/Pois      #.......     100%        5    ######.
 Lee's Rapid Deconstruct  Erth           #.........   100%        5    ######.
 Freezing Cloud           Conj/Ice/Air   #.........   100%        6    #######
 Invisibility             Hex            #.......     100%        6    #######
 Ring of Flames           Chrm/Fire      #.........   100%        7    #######


Dungeon Overview and Level Annotations

Branches:
Dungeon (8/15)             Temple (1/1) D:5            Lair (1/6) D:8

Altars:
Ashenzari
Cheibriados
Elyvilon
Fedhas
Gozag
Hepliaklqana
Kikubaaqudgha
Makhleb
Nemelex Xobeh
Okawaru
Ru
Sif Muna
Uskayaw
Vehumet
Wu Jian
Xom
Yredelemnul
Zin

Shops:
D:8 !

Annotations:
D:7 3 runed translucent doors, cjay27's ghost, novice DEWz


Innate Abilities, Weirdness & Mutations

You reflexively headbutt those who attack you in melee.
You have a pair of large horns on your head.
You have sharp fingernails.
You have supernaturally acute eyesight. (SInv)
You possess an exceptional clarity of mind.
You expend magic power (3 MP) to strengthen your wands.


Message History

The komodo dragon is heavily wounded.
You block the komodo dragon's attack.
You feel much better. You block the komodo dragon's attack.
You slash the komodo dragon!
You headbutt the komodo dragon, but do no damage.
The komodo dragon is severely wounded.
The komodo dragon bites you.
You barely miss the komodo dragon.
The komodo dragon is severely wounded.
The komodo dragon bites you!!
* * * LOW HITPOINT WARNING * * *
You barely miss the komodo dragon. Your headbutt misses the komodo dragon.
The komodo dragon is severely wounded.
You block the komodo dragon's attack.
You hit the komodo dragon but do no damage.
You headbutt the komodo dragon.
The komodo dragon is severely wounded.
The komodo dragon bites you!
You die...
Your body crumbles into a pile of gold.

#
.###...###....................
#.....#P....................
##....#.................(...
#...##.....................
#...##P....................
##....##................
#....###...........
.###...#.#.......(...
.........>....@l...>..
......................
......................
.####.####.####P###### ## ###
##


You could see a komodo dragon.

Vanquished Creatures
  A hippogriff (Lair:1)
  A wyvern (Lair:1)
  A human (D:8)
  2 hungry ghosts
  Eustachio (D:5)
  4 hogs (D:8)
  2 water moccasins
  3 porcupines (D:8)
  3 orc warriors
  3 ice beasts
  3 black bears
  7 ogres
  A necrophage (D:8)
  2 phantoms
  4 crocodiles (Lair:1)
  2 centaurs
  2 big kobolds
  11 bullfrogs
  A gnoll sergeant (D:8)
  A wyvern skeleton (D:7)
  A water moccasin zombie (D:6)
  3 scorpions
  4 wights (D:6)
  8 killer bees (D:8)
  5 howler monkeys
  3 crimson imps
  3 bullfrog skeletons
  A bullfrog zombie (D:7)
  3 hounds
  7 orc priests
  10 orc wizards
  A centaur skeleton (D:8)
  Terence (D:2)
  9 worker ants
  A hound zombie (D:7)
  A hound skeleton (D:7)
  6 adders
  11 gnolls
  2 oozes (D:2)
  An adder zombie (D:5)
  2 adder skeletons
  A worm (D:2)
  2 dart slugs
  7 leopard geckos
  22 orcs
  3 bats
  3 giant cockroaches
  9 goblins
  7 hobgoblins
  7 jackals
  9 quokkas
  2 ball pythons (D:4)
  3 frilled lizards
  A jackal skeleton (D:5)
  22 kobolds
  A leopard gecko zombie (D:7)
  8 rats
  A bush (D:2)
246 creatures vanquished.

Vanquished Creatures (collateral kills)
  An orc warrior (D:8)
  A bullfrog (D:8)
  A scorpion (D:8)
  A hound (D:8)
  2 kobolds (D:8)
6 creatures vanquished.

Vanquished Creatures (others)
  A killer bee (D:8)
  A centaur (D:6)
  A crocodile (D:8)
  An orc wizard (D:8)
  A gnoll shaman (D:8)
  A kobold (D:8)
  45 fungi (D:8)
  53 plants (D:8)
104 creatures vanquished.

Grand Total: 356 creatures vanquished

Notes
Turn   | Place    | Note
-------+----------+-------------------------------------------
     0 | D:1      | teukkam the Minotaur Fighter began the quest for the Orb.
     0 | D:1      | Reached XP level 1. HP: 19/19 MP: 0/0
   200 | D:1      | Reached XP level 2. HP: 27/27 MP: 1/1
   446 | D:2      | Noticed Terence
   452 | D:3      | Reached XP level 3. HP: 33/33 MP: 2/2
   452 | D:3      | Noticed an ice beast
   472 | D:3      | Killed an ice beast
   472 | D:3      | Reached XP level 4. HP: 34/41 MP: 3/3
   544 | D:3      | Noticed a +0 dagger
   545 | D:3      | Noticed a +0 hand axe
   560 | D:3      | Found a hide-covered altar of Uskayaw.
   617 | D:4      | Found a burning altar of Makhleb.
   621 | D:4      | Reached XP level 5. HP: 38/47 MP: 4/4
   625 | D:5      | Entered Level 5 of the Dungeon
   760 | D:5      | Reached skill level 5 in Fighting
   760 | D:5      | Reached skill level 5 in Armour
   760 | D:5      | Reached skill level 5 in Shields
   786 | D:5      | Noticed an ogre
   796 | D:5      | Noticed a phantom
   836 | D:5      | Killed a phantom
   836 | D:5      | Reached XP level 6. HP: 31/56 MP: 5/5
  1241 | D:5      | Noticed Eustachio
  1273 | D:5      | Killed Eustachio
  1273 | D:5      | Reached XP level 7. HP: 26/62 MP: 6/6
  1450 | D:5      | Found a staircase to the Ecumenical Temple.
  1460 | Temple   | Entered the Ecumenical Temple
  1470 | Temple   | Became a worshipper of Gozag Ym Sagoz the Greedy
  1581 | D:2      | Killed Terence
  1581 | D:2      | Reached skill level 5 in Axes
  2007 | D:2      | Found an iron altar of Okawaru.
  2342 | D:3      | Found a radiant altar of Vehumet.
  2343 | D:3      | Found an ancient bone altar of Kikubaaqudgha.
  2344 | D:3      | Found a deep blue altar of Sif Muna.
  2348 | D:3      | Identified Kikubaaqudgha's Collected Works on Dark Magic
  3145 | D:4      | Found a glowing silver altar of Zin.
  3214 | D:4      | Found a snail-covered altar of Cheibriados.
  3704 | D:5      | Reached XP level 8. HP: 69/71 MP: 7/7
  4180 | D:6      | Upgraded the game from 0.23.2-30-g0e89c35649 to
                  | 0.23.2-33-g5129a83184
  4284 | D:6      | Found a basalt altar of Yredelemnul.
  4497 | D:6      | Reached XP level 9. HP: 79/81 MP: 8/8
  4522 | D:6      | Found a hazy altar of Hepliaklqana.
  4655 | D:6      | HP: 2/81 [orc warrior/+0 glaive (17)]
  5178 | D:6      | Found a white marble altar of Elyvilon.
  5479 | D:7      | Reached skill level 1 in Short Blades
  5526 | D:8      | Found a staircase to the Lair.
  5810 | D:8      | HP: 4/83 [gnoll sergeant/+2 trident of protection (9)]
  5867 | D:8      | Reached XP level 10. HP: 56/91 MP: 9/9
  6084 | D:7      | Reached skill level 10 in Armour
  6088 | D:7      | Reached skill level 10 in Fighting
  6088 | D:7      | Reached skill level 10 in Shields
  6326 | D:7      | Found a runed translucent gate.
  6344 | D:7      | Found a runed translucent gate.
  6351 | D:7      | Found a runed translucent gate.
  6352 | D:7      | Noticed cjay27's ghost (novice DEWz)
  6772 | D:7      | Found a shimmering altar of Xom.
  7372 | Lair:1   | Entered Level 1 of the Lair of Beasts
  7395 | Lair:1   | Reached skill level 5 in Short Blades
  7983 | D:8      | Found Moydon's Distillery.
  7986 | D:8      | Bought a potion of heal wounds for 80 gold pieces
  7986 | D:8      | Bought a potion of curing for 48 gold pieces
  7986 | D:8      | Bought a potion of curing for 48 gold pieces
  7986 | D:8      | Bought a potion of curing for 48 gold pieces
  7986 | D:8      | Bought 2 potions of curing for 96 gold pieces
  7986 | D:8      | Bought a potion of might for 64 gold pieces
  8011 | D:8      | Gained mutation: Your mind is acute. (Int +2) [potion of
                  | mutation]
  8011 | D:8      | Gained mutation: You are robust. (+10% HP) [potion of
                  | mutation]
  8011 | D:8      | Gained mutation: You do not regenerate when monsters are
                  | visible. [potion of mutation]
  8011 | D:8      | Gained mutation: You have a pair of large horns on your
                  | head. [potion of mutation]
  8012 | D:8      | Lost mutation: Your mind is acute. (Int +2) [potion of
                  | mutation]
  8012 | D:8      | Lost mutation: You are robust. (+10% HP) [potion of
                  | mutation]
  8012 | D:8      | Gained mutation: You are frail. (-10% HP) [potion of
                  | mutation]
  8012 | D:8      | Gained mutation: You expend magic power (3 MP) to
                  | strengthen your wands. [potion of mutation]
  8012 | D:8      | Gained mutation: You are partially covered in large bone
                  | plates. (SH +4) [potion of mutation]
  8013 | D:8      | Lost mutation: You do not regenerate when monsters are
                  | visible. [potion of mutation]
  8013 | D:8      | Lost mutation: You are partially covered in large bone
                  | plates. (SH +4) [potion of mutation]
  8013 | D:8      | Lost mutation: You are frail. (-10% HP) [potion of
                  | mutation]
  8013 | D:8      | Gained mutation: You possess an exceptional clarity of
                  | mind. [potion of mutation]
  8013 | D:8      | Gained mutation: You have sharp fingernails. [potion of
                  | mutation]
  8013 | D:8      | Gained mutation: You have supernaturally acute eyesight.
                  | (SInv) [potion of mutation]
  8175 | Lair:1   | HP: 1/94 [komodo dragon (29)]
  8177 | Lair:1   | Mangled by a komodo dragon

Skill      XL: |  1  2  3  4  5  6  7  8  9 10 |
---------------+-------------------------------+-----
Shields        | 4 5 6 7 9 10 | 10.7
Armour         | 4 5 6 8 9 10 | 10.7
Fighting       | 4 5 6 7 9 10 | 10.7
Axes           | 3 4 5 7 8 |  8.2
Short Blades   | 2 5 |  5.6

Action                   |  1- 3 |  4- 6 |  7- 9 | 10-12 || total
-------------------------+-------+-------+-------+-------++-------
Melee: War axe           |    65 |    64 |   369 |   186 ||   684
       Headbutt          |     9 |    10 |    86 |    56 ||   161
       Dagger            |       |       |    10 |    93 ||   103
 Fire: Blowgun           |       |       |       |    14 ||    14
Throw: Tomahawk          |       |       |     5 |     4 ||     9
Invok: Potion Petition   |       |       |     1 |     1 ||     2
Evoke: Wand              |       |       |     7 |     9 ||    16
  Use: Scroll            |       |       |     8 |       ||     8
       Potion            |       |       |     7 |     9 ||    16
 Stab: Distracted        |       |       |     2 |     2 ||     4
  Eat: Chunk             |       |     1 |     1 |       ||     2
       Ration            |       |       |     5 |     3 ||     8
Armor: Scale mail        |    27 |    18 |       |       ||    45
       Leather armour    |       |       |    57 |    40 ||    97
Dodge: Dodged            |    25 |    14 |   109 |    54 ||   202
Block: Shield            |    39 |    29 |   315 |   192 ||   575
       Reflection        |       |       |    13 |       ||    13
